| TOP OF THE 1ST |
|
California Angels batting - Pitching for Minnesota Twins : RHP Scott Shank
|
|
Pitching: RHP Scott Shank
|
|
|
Batting: RHB Nick Dunn
|
0-0: Foul Ball, location: 2F 0-1: Ball 1-1: Foul Ball, location: 2F 1-2: Foul Ball, location: 2F 1-2: Fly out, F9 (Flyball, 89S, EV 86.9 MPH)
|
|
Batting: RHB Preston Deakyne
|
0-0: SOLO HOME RUN (Flyball, 7D, EV 108.8 MPH), Distance : 403 ft
|
|
Batting: LHB Mark Reeg
|
0-0: Called Strike 0-1: Foul Ball, location: 2F 0-2: Ball 1-2: Strikes out swinging
|
|
Batting: LHB Jonathon Walton
|
0-0: Ball 1-0: Ball 2-0: Ball 3-0: Called Strike 3-1: Fly out, F7 (Line Drive, 78M, EV 100.0 MPH)
|
| Top of the 1st over - 1 run, 1 hit, 0 errors, 0 left on base; California 1 - Minnesota 0 |
| BOTTOM OF THE 1ST |
|
Minnesota Twins batting - Pitching for California Angels : RHP Jonathan Jackson
|
|
Pitching: RHP Jonathan Jackson
|
|
|
Batting: RHB Greg Harman
|
0-0: Called Strike 0-1: Ball 1-1: Foul Ball, location: 2F 1-2: Ball 2-2: Ball 3-2: Fly out, F7 (Flyball, 78M, EV 86.2 MPH)
|
|
Batting: LHB Per Meulengracht
|
0-0: Called Strike 0-1: Swinging Strike 0-2: Ball 1-2: Strikes out looking
|
|
Batting: LHB Ryan Flynn Jr.
|
0-0: Swinging Strike 0-1: Called Strike 0-2: Ball 1-2: DOUBLE (Line Drive, 7LM, EV 109.4 MPH)
|
|
Batting: RHB Miguel Diaz
|
0-0: Ground out 5-3 (Groundball, 56, EV 83.1 MPH)
|
| Bottom of the 1st over - 0 runs, 1 hit, 0 errors, 1 left on base; California 1 - Minnesota 0 |
| TOP OF THE 2ND |
|
California Angels batting - Pitching for Minnesota Twins : RHP Scott Shank
|
|
Batting: RHB Bjoern Waltersson
|
0-0: Called Strike 0-1: Foul Ball, location: 2F 0-2: Ball 1-2: Ball 2-2: TRIPLE (Line Drive, 9LD, EV 109.4 MPH)
|
|
Batting: LHB Javier Trujillo
|
0-0: Ball 1-0: Foul Ball, location: 2F 1-1: Fly out, F9 (Line Drive, 9S, EV 89.4 MPH)
|
|
Batting: RHB Ryan Munro
|
0-0: Ball 1-0: Ball Wild Pitch! Bjoern Waltersson scores 2-0: Ball 3-0: Base on Balls
|
|
Batting: LHB Justin Alexander
|
0-0: Ball 1-0: SINGLE (Groundball, 4MD, EV 97.5 MPH) Ryan Munro to second Runner from 2nd tries for 3rd, SAFE, throw by CF made to third
|
|
Batting: RHB Nelle Lommen
|
0-0: Called Strike Justin Alexander steals 2nd base 0-1: SINGLE (Line Drive, 89S, EV 104.4 MPH) Ryan Munro scores Justin Alexander to third Runner from 3rd tries for Home, SAFE, throw by RF to home
|
|
Batting: RHB Nick Dunn
|
0-0: Called Strike 0-1: Ball 1-1: Fly out, F7 (Flyball, 7S, EV 76.9 MPH)
|
|
Batting: RHB Preston Deakyne
|
0-0: Ground out 5-3 (Groundball, 56S, EV 81.2 MPH)
|
| Top of the 2nd over - 3 runs, 3 hits, 0 errors, 1 left on base; California 4 - Minnesota 0 |
| BOTTOM OF THE 2ND |
|
Minnesota Twins batting - Pitching for California Angels : RHP Jonathan Jackson
|
|
Batting: RHB Will Leslie
|
0-0: Ball 1-0: Called Strike 1-1: Called Strike 1-2: Ground out 6-3 (Groundball, 6, EV 83.8 MPH)
|
|
Batting: RHB Miguel Gonzalez
|
0-0: Ball 1-0: Ball 2-0: TRIPLE (Flyball, 8LXD, EV 94.4 MPH)
|
|
Batting: LHB Harris Vink
|
0-0: Called Strike 0-1: Ball 1-1: Called Strike 1-2: Ball 2-2: Ball 3-2: Foul Ball, location: 2F 3-2: Strikes out swinging, 2-3 out at first.
|
|
Batting: RHB Matt Dunn
|
0-0: Called Strike 0-1: Called Strike 0-2: Foul Ball, location: 2F 0-2: Fly out, F9 (Line Drive, 89M, EV 91.9 MPH)
|
| Bottom of the 2nd over - 0 runs, 1 hit, 0 errors, 1 left on base; California 4 - Minnesota 0 |
| TOP OF THE 3RD |
|
California Angels batting - Pitching for Minnesota Twins : RHP Scott Shank
|
|
Batting: LHB Mark Reeg
|
0-0: Ball 1-0: Swinging Strike 1-1: Called Strike 1-2: SINGLE (Groundball, 56D, EV 104.4 MPH)
|
|
Batting: LHB Jonathon Walton
|
0-0: Called Strike 0-1: Ball 1-1: Swinging Strike 1-2: Strikes out swinging
|
|
Batting: RHB Bjoern Waltersson
|
0-0: Called Strike 0-1: Ball 1-1: Ball 2-1: Fly out, F4 (Line Drive, 4, EV 55.6 MPH)
|
|
Batting: LHB Javier Trujillo
|
0-0: Ball 1-0: Called Strike 1-1: Called Strike 1-2: Foul Ball, location: 2F 1-2: Strikes out swinging
|
| Top of the 3rd over - 0 runs, 1 hit, 0 errors, 1 left on base; California 4 - Minnesota 0 |
| BOTTOM OF THE 3RD |
|
Minnesota Twins batting - Pitching for California Angels : RHP Jonathan Jackson
|
|
Batting: RHB Alex Rodriguez Jr.
|
0-0: Called Strike 0-1: SINGLE (Groundball, P, EV 81.2 MPH) (infield hit)
|
|
Batting: RHB Greg Harman
|
0-0: Ball 1-0: Foul Ball, location: 2F 1-1: Ball 2-1: Swinging Strike 2-2: Foul Ball, location: 2F 2-2: Strikes out swinging
|
|
Batting: LHB Per Meulengracht
|
0-0: Called Strike 0-1: Ball 1-1: Called Strike 1-2: Foul Ball, location: 2F 1-2: SINGLE (Groundball, 34S, EV 71.2 MPH) (infield hit) Alex Rodriguez Jr. to second
|
|
Batting: LHB Ryan Flynn Jr.
|
0-0: Ball 1-0: Ball 2-0: Grounds into double play, 6-4-3 (Groundball, 6, EV 88.8 MPH)
|
| Bottom of the 3rd over - 0 runs, 2 hits, 0 errors, 1 left on base; California 4 - Minnesota 0 |
| TOP OF THE 4TH |
|
California Angels batting - Pitching for Minnesota Twins : RHP Scott Shank
|
|
Batting: RHB Ryan Munro
|
0-0: Called Strike 0-1: Ball 1-1: Fly out, F8 (Line Drive, 8RD, EV 85.0 MPH)
|
|
Batting: LHB Justin Alexander
|
0-0: Foul Ball, location: 2F 0-1: Swinging Strike 0-2: Ball 1-2: Ball 2-2: Strikes out swinging
|
|
Batting: RHB Nelle Lommen
|
0-0: Ball 1-0: Foul Ball, location: 2F 1-1: Ball 2-1: Ball 3-1: Base on Balls
|
|
Batting: RHB Nick Dunn
|
0-0: Ball 1-0: Foul Ball, location: 2F 1-1: SINGLE (Groundball, 34, EV 101.2 MPH) Nelle Lommen to second Runner from 2nd tries for 3rd, SAFE, throw by RF made to third Nick Dunn to second
|
|
Batting: RHB Preston Deakyne
|
0-0: Called Strike 0-1: DOUBLE (Line Drive, 3D, EV 98.1 MPH) Nelle Lommen scores Nick Dunn scores
|
|
Pitching: LHP Luis Perez
|
|
|
Batting: LHB Mark Reeg
|
0-0: Ball 1-0: Foul Ball, location: 2F 1-1: TRIPLE (Flyball, 8RXD, EV 103.1 MPH) Preston Deakyne scores
|
|
Batting: LHB Jonathon Walton
|
0-0: Called Strike 0-1: Foul Ball, location: 2F 0-2: Ball 1-2: SINGLE (Line Drive, 9S, EV 97.5 MPH) Mark Reeg scores
|
|
Batting: RHB Bjoern Waltersson
|
0-0: Foul Ball, location: 2F 0-1: Ball 1-1: Ball 2-1: Foul Ball, location: 2F 2-2: Ground out 4-3 (Groundball, 4S, EV 85.6 MPH)
|
| Top of the 4th over - 4 runs, 4 hits, 0 errors, 1 left on base; California 8 - Minnesota 0 |
| BOTTOM OF THE 4TH |
|
Minnesota Twins batting - Pitching for California Angels : RHP Jonathan Jackson
|
|
Batting: RHB Miguel Diaz
|
0-0: Ball 1-0: Ball 2-0: Called Strike 2-1: Foul Ball, location: 2F 2-2: DOUBLE (Groundball, 5L, EV 96.2 MPH)
|
|
Batting: RHB Will Leslie
|
0-0: Ball 1-0: Foul Ball, location: 2F 1-1: SINGLE (Groundball, 6MD, EV 100.6 MPH) Miguel Diaz to third
|
|
Batting: RHB Miguel Gonzalez
|
0-0: Ball 1-0: Ball 2-0: Grounds into double play, 4-6-3 (Groundball, 4, EV 83.1 MPH) Miguel Diaz scores
|
|
Batting: LHB Harris Vink
|
0-0: Ball 1-0: SINGLE (Line Drive, 8LS, EV 93.1 MPH)
|
|
Batting: RHB Matt Dunn
|
0-0: Called Strike 0-1: Ball 1-1: Ball 2-1: SINGLE (Groundball, 56S, EV 66.2 MPH) (infield hit) Harris Vink to second
|
|
Batting: RHB Alex Rodriguez Jr.
|
0-0: Ball 1-0: Ball 2-0: Ball 3-0: Foul Ball, location: 2F 3-1: Fly out, F7 (Flyball, 78M, EV 78.8 MPH)
|
| Bottom of the 4th over - 1 run, 4 hits, 0 errors, 2 left on base; California 8 - Minnesota 1 |
| TOP OF THE 5TH |
|
California Angels batting - Pitching for Minnesota Twins : LHP Luis Perez
|
|
Batting: LHB Javier Trujillo
|
0-0: Fly out, F8 (Flyball, 89D, EV 94.4 MPH)
|
|
Batting: RHB Ryan Munro
|
0-0: Ball 1-0: Ball 2-0: Ball 3-0: Foul Ball, location: 2F 3-1: SINGLE (Groundball, 56D, EV 108.8 MPH)
|
|
Batting: LHB Justin Alexander
|
0-0: Swinging Strike 0-1: Ball 1-1: Called Strike 1-2: Strikes out looking
|
|
Batting: RHB Nelle Lommen
|
0-0: Ball 1-0: Ball 2-0: Ball 3-0: Called Strike 3-1: Base on Balls Ryan Munro to second
|
|
Batting: RHB Nick Dunn
|
0-0: Called Strike 0-1: Ball 1-1: Ball 2-1: Ball 3-1: Base on Balls Ryan Munro to third Nelle Lommen to second
|
|
Batting: RHB Preston Deakyne
|
0-0: Ball 1-0: Called Strike 1-1: Foul Ball, location: 2F 1-2: Strikes out swinging
|
| Top of the 5th over - 0 runs, 1 hit, 0 errors, 3 left on base; California 8 - Minnesota 1 |
| BOTTOM OF THE 5TH |
|
Minnesota Twins batting - Pitching for California Angels : RHP Jonathan Jackson
|
|
Batting: RHB Greg Harman
|
0-0: Ball 1-0: Called Strike 1-1: Ball 2-1: Foul Ball, location: 2F 2-2: Strikes out swinging
|
|
Batting: LHB Per Meulengracht
|
0-0: Ball 1-0: Foul Ball, location: 2F 1-1: Ball 2-1: Called Strike 2-2: Ball 3-2: Ground out 3-1 (Groundball, 34, EV 83.1 MPH)
|
|
Batting: LHB Ryan Flynn Jr.
|
0-0: Called Strike 0-1: Ball 1-1: Called Strike 1-2: Ball 2-2: Ball 3-2: Ground out U3 (Groundball, 3, EV 85.6 MPH)
|
| Bottom of the 5th over - 0 runs, 0 hits, 0 errors, 0 left on base; California 8 - Minnesota 1 |
| TOP OF THE 6TH |
|
California Angels batting - Pitching for Minnesota Twins : LHP Luis Perez
|
|
Batting: LHB Mark Reeg
|
0-0: Ball 1-0: Ground out U3 (Groundball, 3, EV 105.6 MPH)
|
|
Batting: LHB Jonathon Walton
|
0-0: Called Strike 0-1: Ball 1-1: Foul Ball, location: 2F 1-2: Ball 2-2: Foul Ball, location: 2F 2-2: Fly out, F8 (Flyball, 8LXD, EV 100.6 MPH)
|
|
Batting: RHB Bjoern Waltersson
|
0-0: Ball 1-0: Foul Ball, location: 2F 1-1: Foul Ball, location: 2F 1-2: Ball 2-2: Foul Ball, location: 2F 2-2: Ball 3-2: Strikes out swinging
|
| Top of the 6th over - 0 runs, 0 hits, 0 errors, 0 left on base; California 8 - Minnesota 1 |
| BOTTOM OF THE 6TH |
|
Minnesota Twins batting - Pitching for California Angels : RHP Jonathan Jackson
|
|
Batting: RHB Miguel Diaz
|
0-0: Foul Ball, location: 2F 0-1: Called Strike 0-2: Fly out, F8 (Flyball, 8LD, EV 90.0 MPH)
|
|
Batting: RHB Will Leslie
|
0-0: Ball 1-0: Ball 2-0: Ball 3-0: Base on Balls
|
|
Batting: RHB Miguel Gonzalez
|
0-0: Ball 1-0: Foul Ball, location: 2F 1-1: Foul Ball, location: 2F 1-2: Grounds into double play, 6-4-3 (Groundball, 6, EV 78.8 MPH)
|
| Bottom of the 6th over - 0 runs, 0 hits, 0 errors, 0 left on base; California 8 - Minnesota 1 |
| TOP OF THE 7TH |
|
California Angels batting - Pitching for Minnesota Twins : LHP Luis Perez
|
|
Batting: LHB Javier Trujillo
|
0-0: Ball 1-0: Swinging Strike 1-1: Ball 2-1: Ball 3-1: Foul Ball, location: 2F 3-2: Foul Ball, location: 2F 3-2: Ground out U3 (Groundball, 34, EV 101.2 MPH)
|
|
Pitching: LHP Jim Storer
|
|
|
Batting: RHB Ryan Munro
|
0-0: Ball 1-0: Fly out, F7 (Flyball, 7, EV 76.2 MPH)
|
|
Batting: LHB Justin Alexander
|
0-0: Called Strike 0-1: Called Strike 0-2: Strikes out swinging
|
| Top of the 7th over - 0 runs, 0 hits, 0 errors, 0 left on base; California 8 - Minnesota 1 |
| BOTTOM OF THE 7TH |
|
Minnesota Twins batting - Pitching for California Angels : RHP Jonathan Jackson
|
|
Batting: LHB Harris Vink
|
0-0: Ball 1-0: Called Strike 1-1: Ball 2-1: Ball 3-1: SINGLE (Line Drive, 3D, EV 99.4 MPH)
|
|
Pitching: RHP Jose Saenz
|
|
|
Batting: RHB Matt Dunn
|
0-0: Ball 1-0: Ball Harris Vink steals 2nd base (no throw) 2-0: Ball 3-0: Called Strike 3-1: Foul Ball, location: 2F 3-2: Foul Ball, location: 2F 3-2: Strikes out looking
|
|
Pinch Hitting: RHB Alex Sandoval
|
0-0: Ball 1-0: Ball 2-0: Swinging Strike 2-1: Ball 3-1: Ground out 6-3 (Groundball, 6, EV 90.6 MPH) Harris Vink to third
|
|
Batting: RHB Greg Harman
|
0-0: Called Strike 0-1: Foul Ball, location: 2F 0-2: Ground out 5-3 (Groundball, 56, EV 98.8 MPH)
|
| Bottom of the 7th over - 0 runs, 1 hit, 0 errors, 1 left on base; California 8 - Minnesota 1 |
| TOP OF THE 8TH |
|
California Angels batting - Pitching for Minnesota Twins : LHP Jim Storer
|
|
Now at SS: Alex Sandoval
|
|
|
Batting: RHB Nelle Lommen
|
0-0: Foul Ball, location: 2F 0-1: Foul Ball, location: 2F 0-2: Strikes out swinging
|
|
Batting: RHB Nick Dunn
|
0-0: Fly out, F8 (Flyball, 89XD, EV 103.8 MPH)
|
|
Batting: RHB Preston Deakyne
|
0-0: Called Strike 0-1: Ball 1-1: Ball 2-1: Ball 3-1: Foul Ball, location: 2F 3-2: Strikes out looking
|
| Top of the 8th over - 0 runs, 0 hits, 0 errors, 0 left on base; California 8 - Minnesota 1 |
| BOTTOM OF THE 8TH |
|
Minnesota Twins batting - Pitching for California Angels : RHP Jose Saenz
|
|
Batting: LHB Per Meulengracht
|
0-0: Ball 1-0: Foul Ball, location: 2F 1-1: Ball 2-1: Ball 3-1: Base on Balls
|
|
Batting: LHB Ryan Flynn Jr.
|
0-0: Foul Ball, location: 2F 0-1: Fielders Choice at 2nd, 3-6 (Groundball, 3, EV 109.4 MPH)
|
|
Batting: LHB Peer Derks
|
0-0: SINGLE (Groundball, 3D, EV 101.9 MPH) Ryan Flynn Jr. to second
|
|
Batting: RHB Will Leslie
|
0-0: Called Strike 0-1: Called Strike 0-2: Ball 1-2: Ball 2-2: Fly out, F7 (Flyball, 78S, EV 76.9 MPH)
|
|
Batting: RHB Miguel Gonzalez
|
0-0: Swinging Strike 0-1: SINGLE (Groundball, 4MS, EV 68.8 MPH) (infield hit) Ryan Flynn Jr. to third Peer Derks to second
|
|
Pitching: LHP George Poirier
|
|
|
Batting: LHB Harris Vink
|
0-0: SINGLE (Groundball, 6S, EV 69.4 MPH) (infield hit) Ryan Flynn Jr. scores Peer Derks to third Miguel Gonzalez to second
|
|
Batting: RHB Matt Dunn
|
0-0: Called Strike 0-1: Foul Ball, location: 2F 0-2: Hit by Pitch Peer Derks scores Miguel Gonzalez to third Harris Vink to second
|
|
Pitching: RHP Bryan Banana
|
|
|
Batting: RHB Alex Sandoval
|
0-0: Foul Ball, location: 2F 0-1: Ball 1-1: Ball 2-1: Ball 3-1: Base on Balls Miguel Gonzalez scores Harris Vink to third Matt Dunn to second
|
|
Batting: RHB Greg Harman
|
0-0: Ball 1-0: Foul Ball, location: 2F 1-1: Ball 2-1: Swinging Strike 2-2: Strikes out looking
|
| Bottom of the 8th over - 3 runs, 3 hits, 0 errors, 3 left on base; California 8 - Minnesota 4 |
| TOP OF THE 9TH |
|
California Angels batting - Pitching for Minnesota Twins : LHP Jim Storer
|
|
Pinch Hitting: RHB Alain Delhaye
|
0-0: Called Strike 0-1: Ball 1-1: Foul Ball, location: 2F 1-2: Strikes out looking
|
|
Batting: LHB Jonathon Walton
|
0-0: Swinging Strike 0-1: Foul Ball, location: 2F 0-2: Ball 1-2: Ball 2-2: Ball 3-2: Strikes out looking
|
|
Batting: RHB Bjoern Waltersson
|
0-0: Ball 1-0: Ball 2-0: Ball 3-0: Base on Balls
|
|
Batting: LHB Javier Trujillo
|
0-0: Called Strike Bjoern Waltersson is caught stealing 2nd base 2-6
|
| Top of the 9th over - 0 runs, 0 hits, 0 errors, 0 left on base; California 8 - Minnesota 4 |
| BOTTOM OF THE 9TH |
|
Minnesota Twins batting - Pitching for California Angels : RHP Bryan Banana
|
|
Pitching: LHP Keith Pratt
|
|
|
Now in LF: Alain Delhaye
|
|
|
Batting: LHB Per Meulengracht
|
0-0: Ball 1-0: Ball 2-0: Swinging Strike 2-1: Foul Ball, location: 2F 2-2: Ball 3-2: Base on Balls
|
|
Batting: LHB Ryan Flynn Jr.
|
0-0: Called Strike 0-1: Grounds into double play, 4-6-3 (Groundball, 4, EV 103.1 MPH)
|
|
Batting: LHB Peer Derks
|
0-0: Ball 1-0: Ball 2-0: Called Strike 2-1: Ground out 5-3 (Groundball, 56S, EV 81.9 MPH)
|
| Bottom of the 9th over - 0 runs, 0 hits, 0 errors, 0 left on base; California 8 - Minnesota 4 |
|